 Dungeon Crawl Stone Soup version 0.27-a0-1149-g4505690ab0 (webtiles) character file.

Game seed: 15739376574072258517

104 Gwenloh the Insei (level 5, -1/38 HPs)
             Began as a Djinni Transmuter on May 12, 2021.
             Slain by an orc wizard
             ... wielding a +0 dagger
              (3 damage)
             ... on level 3 of the Dungeon.
             The game lasted 00:09:41 (3289 turns).

Gwenloh the Insei (Djinni Transmuter)               Turns: 3289, Time: 00:09:42

Health: -1/38      AC:  2    Str:  9    XL:     5   Next: 7%
Gold:   78         EV: 12    Int: 14    God:
                   SH:  0    Dex: 15

rFire    + + .     SeeInvis .     - Unarmed
rCold    x . .     Faith    .   (no shield)
rNeg     . . .     Spirit   .   a - +0 robe
rPois    ∞         Reflect  .   (no helmet)
rElec    .         Harm     .   (no cloak)
rCorr    .         Rampage  .   (no gloves)
Will     .....                  (boots unavailable)
Stlth    +.........             (no amulet)
HPRegen  0.12/turn              (no ring)
MPRegen  0.00/turn              (no ring)

@: flying
A: sickness immunity, fire resistance 2, cold vulnerability 1, float, innate
caster, hp casting, extra vitality 1
a: no special abilities


You were on level 3 of the Dungeon.
You visited 1 branch of the dungeon, and saw 3 of its levels.

You collected 78 gold pieces.

Inventory:

Missiles
 b - 2 boomerangs (quivered)
 c - 14 sling bullets
 d - 5 javelins
 m - 21 stones
Armour
 a - a +0 robe (worn)
 e - a +0 ring mail
Scrolls
 f - a scroll of identify
 g - a scroll of noise
 h - 2 scrolls of enchant armour
 i - a scroll of teleportation
Potions
 j - a potion of berserk rage {unknown}
 k - a potion of mutation {unknown}
 l - a potion of curing {unknown}


   Skills:
 + Level 2.2 Fighting
 - Level 2.1 Dodging
 + Level 3.7 Unarmed Combat
 * Level 2.8 Spellcasting


You couldn't memorise any spells.
You knew the following spells:

 Your Spells              Type           Power      Damage    Failure   Level
a - Beastly Appendage     Tmut           20%        N/A       7%          1
b - Wereblood             Tmut           10%        N/A       10%         2
c - Spider Form           Tmut/Pois      5%         N/A       21%         3
d - Ice Form              Ice/Tmut       10%        N/A       54%         4
e - Hydra Form            Tmut           5%         N/A       88%         5
f - Freeze                Ice            40%        1d6       7%          1
g - Poisonous Vapours     Pois/Air       20%        N/A       10%         2
Your spell library was empty.

Dungeon Overview and Level Annotations

Branches:
Dungeon (3/15)

Altars:
Wu Jian

Shops:
D:1 :


Innate Abilities, Weirdness & Mutations

You are immune to sickness and miasma.
You are immune to poison.
Your flesh is very heat resistant. (rF++)
You are vulnerable to cold. (rC-)
You float through the air rather than walking.
You learn spells naturally, not from books.
Your magical power is your life essence.
You have superior vitality. (+4 HP)


Message History

Your transformation is almost over.
You hear some strange, mumbled words.
Something tries to affect you, but you resist.
You hit something. The orc wizard casts a spell at you.
Something barely misses the orc wizard.
You hit something. You hit something but do no damage.
The orc wizard misses you. Something hits you.
You see here a +0 club.
You hit the orc wizard.
The orc wizard is moderately wounded.
The orc wizard hits you with a +0 dagger.
You completely miss the orc wizard.
The orc wizard is moderately wounded.
Reactivating autopickup.
You feel a bit more experienced. The orc wizard misses you.
You have reached level 5!
The power to cast Poisonous Vapours wells up from within.
Spell assigned to 'g'.
You hit the orc wizard.
The orc wizard is moderately wounded.
The orc wizard completely misses you.
You hit the orc wizard but do no damage.
The orc wizard is moderately wounded.
The orc wizard points at you and mumbles some strange words.
The puff of flame hits you!
* * * LOW HITPOINT WARNING * * *
You hit the orc wizard.
The orc wizard is poisoned.
The orc wizard is heavily wounded.
The orc wizard gestures at itself while chanting.
The orc wizard flickers and vanishes!
Deactivating autopickup; reactivate with Ctrl-A.
You closely miss something. Something hits you.
* * * LOW HITPOINT WARNING * * *
You hit something.
You hear the brisk rusting of a very distant drain.
Your transformation has ended.
Your +0 robe unmelds from your body.
Something hits you.
You die...

#.... #.# #...
##.#.# #.# #.#.
#....# #). ##.###.#.
#...># #.# .......#.
###....# #.# # #...
... #.###.###..##
#.##
#.##.†).........
#.##
#....#{.......##
#... #o#..#@#####..#
#.## ...#..#.# #..#
#.# #.###....# #..#
#.# #. #....# #..###
#.# #
####.#####....####.#
#...............#
#.#..##..#.######
#.#......#.#
#..........#


There were no monsters in sight!

Vanquished Creatures
  An orc wizard (D:3)
  An adder (D:2)
  A worm (D:3)
  3 dart slugs
  An orc (D:3)
  10 endoplasms
  A giant cockroach (D:1)
  11 goblins
  4 hobgoblins (D:1)
  A jackal (D:1)
  2 quokkas (D:3)
  6 ball pythons
  A bat (D:1)
  6 kobolds
  4 rats
53 creatures vanquished.

Notes
Turn   | Place    | Note
-------+----------+-------------------------------------------
     0 | D:1      | Gwenloh the Djinni Transmuter began the quest for the Orb.
     0 | D:1      | Reached XP level 1. HP: 17/17 MP: 0/0
   378 | D:1      | Reached XP level 2. HP: 11/22 MP: 0/0
  1326 | D:1      | Reached XP level 3. HP: 20/27 MP: 0/0
  1326 | D:1      | Learned a level 1 spell: Freeze
  1552 | D:1      | Found Meapre Vibe's Book Boutique.
  1804 | D:1      | Upgraded the game from 0.27-a0-1147-gb3d8e82157 to
                  | 0.27-a0-1149-g4505690ab0
  2265 | D:2      | Reached XP level 4. HP: 22/33 MP: 0/0
  2370 | D:2      | Found a faded altar of an unknown god.
  3160 | D:3      | Found an ornate altar of the Wu Jian Council.
  3285 | D:3      | Reached XP level 5. HP: 16/38 MP: 0/0
  3285 | D:3      | Learned a level 2 spell: Poisonous Vapours
  3289 | D:3      | Slain by an orc wizard

Illustrated notes

Levels and vault maps discovered:
D:1:      minmay_arrival_split_and_join, layout_loops_ring, serial_shops, shop,
          minmay_close_crescents
D:2:      layout_rooms, basic_ecumenical_altar
D:3:      kennysheep_the_goblin_king, layout_loops_ring,
          nicolae_wu_jian_immortal_techniques, gup_sewer_entry_spiral

Skill      XL: |  1  2  3  4 |
---------------+-------------+-----
Spellcasting   | 2 |  2.8
Fighting       | 2 |  2.2
Dodging        | |  2.1
Unarmed Combat | |  3.7

Action                   |  1- 3 |  4- 6 || total
-------------------------+-------+-------++-------
Melee: Unarmed           |    83 |    57 ||   140
       Headbutt          |    17 |     6 ||    23
Throw: Boomerang         |    30 |     2 ||    32
 Cast: Beastly Appendage |    25 |    11 ||    36
       Wereblood         |     2 |       ||     2
       Freeze            |     2 |     2 ||     4
       Spider Form       |       |     1 ||     1
  Use: Scroll            |       |     3 ||     3
 Stab: Sleeping          |     2 |     1 ||     3
Armor: Robe              |    12 |     5 ||    17
       Skin              |       |     3 ||     3
Dodge: Dodged            |    49 |    28 ||    77

Table legend: (Time is in decaauts)
 A = Elapsed time spent in this place.
 B = Non-inter-level travel time spent in this place.
 C = Inter-level travel time spent in this place.
 D = Time resting spent in this place.
 E = Time spent auto-exploring this place.
 F = Levels seen in this place.
 G = Mean time per level.
                   A        B        C        D        E       F      G
               +--------+--------+--------+--------+--------+-----+--------+
         Total |   3291 |   3222 |     69 |      0 |   2680 |   3 | 1097.0 |
       Dungeon |   3291 |   3222 |     69 |      0 |   2680 |   3 | 1097.0 |
               +--------+--------+--------+--------+--------+-----+--------+

Top non-repeatable levels by time:
     D:1: 2022 daAuts
     D:2: 864 daAuts
     D:3: 405 daAuts
